 Dungeon Crawl Stone Soup version 0.21-a0-529-g8c7b3f5 (webtiles) character file.

84 slep the Chopper (level 4, 0/34 HPs)
             Began as a Demonspawn Gladiator on Dec 11, 2017.
             Succumbed to kobold's curare-tipped needle
             ... on level 3 of the Dungeon.
             The game lasted 00:03:17 (791 turns).

slep the Chopper (Demonspawn Gladiator)              Turns: 791, Time: 00:03:18

Health: 0/34       AC:  3    Str: 14    XL:     4   Next: 24%
Magic:  2/4        EV: 13    Int: 10    God:
Gold:   91         SH:  0    Dex: 15    Spells: 3/3 levels left

rFire    . . .     SeeInvis .   a - +0 war axe
rCold    . . .     Gourm    .   (no shield)
rNeg     . . .     Faith    .   b - +0 leather armour
rPois    .         Spirit   +   (helmet restricted)
rElec    .         Reflect  .   (no cloak)
rCorr    .         Harm     .   (no gloves)
MR       .....                  (no boots)
Stlth    +.........             (no amulet)
HPRegen  0.11/turn              i - +2 ring of slaying
MPRegen  0.09/turn              (no ring)

@: lethally poisoned (0 -> -16), slowed, invisible, very slow
A: hooves 1, horns 1, magic shield
a: no special abilities


You were on level 3 of the Dungeon.
You were not hungry.

You visited 1 branch of the dungeon, and saw 3 of its levels.

You collected 91 gold pieces.

Inventory:

Hand Weapons
 a - a +0 war axe (weapon)
Missiles
 d - 3 throwing nets (quivered)
Armour
 b - a +0 leather armour (worn)
 c - a +0 helmet
Jewellery
 i - a +2 ring of slaying (left hand)
Wands
 r - a wand of iceblast (12)
Scrolls
 k - a scroll of magic mapping {unknown}
 l - a scroll of identify {unknown}
 n - a scroll of remove curse {unknown}
 p - a scroll of fog {unknown}
 q - a scroll of teleportation {unknown}
Potions
 g - a potion of berserk rage {unknown}
 j - a potion of curing {unknown}
 m - a potion of lignification {unknown}
 o - a potion of heal wounds {unknown}
Comestibles
 f - 2 bread rations
 h - a royal jelly


   Skills:
 + Level 2.6 Fighting
 + Level 3.9 Axes
 + Level 2.0 Throwing
 + Level 3.1 Dodging


You had 3 spell levels left.
You didn't know any spells.

Dungeon Overview and Level Annotations

Branches:
Dungeon (3/15)

Altars:

Annotations:
D:3 Jessica


Innate Abilities, Weirdness & Mutations

You have large cloven feet.
You have a pair of small horns on your head.
When hurt, damage is shared between your health and your magic reserves.


Message History

Magic restored.
You feel sick.
You are no longer poisoned.
l - a scroll labeled LIDU GYAPIX Jessica the Apprentice Sorceress comes into view.
She is wielding a dagger of venom.
Jessica shouts!
You hear a shout!
A kobold and an orc come into view.
The orc is wielding a whip of venom.
The orc shouts!
The kobold shouts!
You hear a bark!
You hear a shout!
The kobold wields a blowgun.
The kobold shoots a curare-tipped needle.
The curare-tipped needle hits you.
You are lethally poisoned!
You have difficulty breathing.
* * * LOW HITPOINT WARNING * * *
You feel yourself slow down.
You see here a curare-tipped needle.
* * * LOW HITPOINT WARNING * * *
You feel very sick.
It was a potion of invisibility.
You fade into invisibility!
You die...

##.........#
.....K.....#
#.........#
#....o....#
##.........#
#.###..#.....@...>#
#.................#
##.............(..#
#.............@..##
#...............##
#...............#
#.........†.....#
#...............#
#...............#
##......<......##
##.....#.....##
.......########


You could see Jessica, an orc and a kobold.

Vanquished Creatures
  2 adders
  3 gnolls (D:2)
  A dart slug (D:1)
  3 leopard geckos (D:1)
  4 bats
  4 giant cockroaches (D:1)
  5 goblins
  A hobgoblin (D:1)
  2 jackals (D:1)
  A kobold (D:2)
  A ball python (D:1)
  A frilled lizard (D:1)
  A rat (D:2)
29 creatures vanquished.

Notes
Turn   | Place    | Note
-------+----------+-------------------------------------------
     0 | D:1      | slep the Demonspawn Gladiator began the quest for the Orb.
     0 | D:1      | Reached XP level 1. HP: 16/16 MP: 1/1
    73 | D:1      | Gained mutation: You have large cloven feet. [demonic ancestry]
    73 | D:1      | Reached XP level 2. HP: 21/22 MP: 2/2
   400 | D:2      | Gained mutation: You have a pair of small horns on your head. [demonic ancestry]
   400 | D:2      | Reached XP level 3. HP: 27/27 MP: 3/3
   612 | D:2      | Gained mutation: When hurt, damage is shared between your health and your magic reserves. [demonic ancestry]
   612 | D:2      | Reached XP level 4. HP: 6/34 MP: 4/4
   788 | D:3      | Noticed Jessica
   791 | D:3      | Succumbed to kobold's curare-tipped needle

Vault maps used:
D:1:      dpeg_arrival_windows_large_door
D:2:      small_statue_intersection, minmay_tetromino_l4
D:3:      gammafunk_temple_overflow_arena, first_bread, uniq_jessica

Skill      XL: |  1  2 |
---------------+-------+-----
Throwing       | 2 |  2.0
Dodging        | 3 |  3.1
Axes           | 3 |  3.9
Fighting       | |  2.6

Action                   |  1- 3 |  4- 6 || total
-------------------------+-------+-------++-------
Melee: War axe           |    67 |     6 ||    73
       Kick              |     4 |     1 ||     5
       Headbutt          |     3 |     1 ||     4
  Use: Potion            |       |     1 ||     1
Armor: Leather armour    |    19 |     3 ||    22
Dodge: Dodged            |    80 |     8 ||    88

Table legend:
 A = Spawn XP
 B = Non-spawn XP
 C = Spawn XP percentage of total XP
 D = Spawn monster count
 E = Non-spawn monster count
 F = Spawn count percentage of total count
 G = Total turns spent on level
                    A         B        C        D         E        F      G
               +---------+---------+-------+---------+---------+-------+---------
         Total |       0 |     121 |   0.0 |       0 |      29 |   0.0 |   791
               +---------+---------+-------+---------+---------+-------+---------
           D:1 |       0 |      39 |   0.0 |       0 |      18 |   0.0 |   384
           D:2 |       0 |      65 |   0.0 |       0 |       8 |   0.0 |   381
           D:3 |       0 |      17 |   0.0 |       0 |       3 |   0.0 |    26
               +---------+---------+-------+---------+---------+-------+---------
